 Dungeon Crawl Stone Soup version 0.16.1 (webtiles) character file.

1213 JohnnyRipsauce the Slasher (level 8, -6/55 HPs)
             Began as a Halfling Fighter on Mar 23, 2015.
             Mangled by a troll (15 damage)
             ... on level 6 of the Dungeon.
             The game lasted 00:21:48 (6948 turns).

JohnnyRipsauce the Slasher (Halfling Fighter)       Turns: 6948, Time: 00:21:48

Health: -6/55      AC:  6    Str: 16    XL:     8   Next: 74%
Magic:  8/8        EV: 11    Int:  7    God:
Gold:   318        SH:  7    Dex: 18    Spells: 0 memorised, 7 levels left

rFire  . . .     SeeInvis .     a - +0 long sword
rCold  . . .     Clarity  .     b - +0 scale mail
rNeg   . . .     SustAb   .     c - +0 buckler
rPois  .         Gourm    .     (no helmet)
rElec  .         Spirit   .     (no cloak)
rCorr  .         Warding  .     (no gloves)
rMut   .         Stasis   .     (no boots)
MR     .....                    (no amulet)
Stlth  ..........               (no ring)
                                j - +2 ring of dexterity

@: not resistant to hostile enchantments, extremely unstealthy
A: mutation resistance 1
a: no special abilities


You were on level 6 of the Dungeon.
You were not hungry.

You visited 1 branch of the dungeon, and saw 6 of its levels.

You collected 318 gold pieces.

Inventory:

Hand weapons
 a - a +0 long sword (weapon)
 p - a +0 dagger of draining
 D - a +0 falchion
Missiles
 s - 2 throwing nets (quivered)
Armour
 b - a +0 scale mail (worn)
 c - a +0 buckler (worn)
Jewellery
 j - a +2 ring of dexterity (left hand)
Magical devices
 C - a wand of lightning (6)
 H - a wand of disintegration (11)
 I - a wand of digging (7)
Scrolls
 f - a scroll of blinking {unknown}
 h - 5 scrolls of identify {unknown}
 k - a scroll of magic mapping {unknown}
 q - 2 scrolls of teleportation {unknown}
 r - a scroll of recharging {unknown}
 w - 5 scrolls of remove curse {unknown}
 y - 2 scrolls of enchant armour {unknown}
 A - 3 scrolls of noise {unknown}
 F - 4 scrolls of fear {unknown}
Potions
 e - 2 potions of might
 g - a potion of restore abilities {unknown}
 m - a potion of invisibility {unknown}
 n - a potion of brilliance {unknown}
 o - a potion of cancellation {unknown}
 u - a potion of magic {unknown}
 v - a potion of berserk rage {unknown}
 z - a potion of haste {unknown}
 B - a potion of heal wounds {unknown}
 E - 2 potions of curing {unknown}
 G - 2 potions of lignification {unknown}
Comestibles
 d - 7 bread rations
 i - 2 fruits
 l - a meat ration
 x - 3 slices of pizza


   Skills:
 + Level 5.3 Fighting
 * Level 7.1 Long Blades
 - Level 3.2 Armour
 + Level 6.3 Shields


You had 7 spell levels left.
You didn't know any spells.

Dungeon Overview and Level Annotations

Branches:
Dungeon (6/15)
 Temple: D:4-7

Altars:
Elyvilon
Makhleb
Vehumet

Shops:
D:6 [


Innate Abilities, Weirdness & Mutations

You are small and have problems with some larger weapons.
You are somewhat resistant to further mutation.


Message History

You are too injured to fight recklessly!
You are too injured to fight recklessly!
You are too injured to fight recklessly!
You are too injured to fight recklessly!
You are too injured to fight recklessly!
You are too injured to fight recklessly!
You hit the troll but do no damage.
The troll is moderately wounded.
You block the troll's attack. The troll barely misses you.
You block the troll's attack.
You closely miss the troll.
The troll is moderately wounded.
The troll barely misses you. The troll claws you.
* * * LOW HITPOINT WARNING * * *
The troll completely misses you. The troll barely misses you.
The troll barely misses you. The troll closely misses you.
You closely miss the troll.
The troll is lightly wounded.
The troll bites you!
You die...

#.# #.. ######## #.# #.#
#......# #.# #.# #......#
#.# #.# #......#
#.########'#
#####......####...........
#>.........'..............
#.###......#####..5.......
#. #...T@.# #.......... #.
#......#####.......... #.
#.......†......(...... ..
#..................... .T
#..............)...... ..
#....................# .
......................
##...................
#.............###..#


You could see a troll.

Vanquished Creatures
  The ghost of Minkie the Cudgeler, an experienced VSSk of the Shining One (D:5)
  3 phantoms
  A scorpion (D:5)
  A crimson imp (D:5)
  3 hounds (D:4)
  5 orc wizards
  An iguana (D:3)
  An orc priest (D:5)
  4 worker ants (D:5)
  15 adders
  A gnoll (D:5)
  A giant mite (D:2)
  5 worms
  4 giant geckos
  An ooze (D:3)
  14 orcs
  A ball python (D:3)
  14 bats
  11 goblins
  14 hobgoblins
  3 jackals
  13 kobolds
  6 quokkas (D:3)
  5 giant cockroaches
  A giant cockroach zombie (D:5)
  A giant gecko skeleton (D:5)
  4 giant newts
  16 rats
150 creatures vanquished.

Vanquished Creatures (others)
  A quokka (D:5)
1 creature vanquished.

Grand Total: 151 creatures vanquished

Notes
Turn   | Place    | Note
--------------------------------------------------------------
     0 | D:1      | JohnnyRipsauce, the Halfling Fighter, began the quest for the Orb.
     0 | D:1      | Reached XP level 1. HP: 15/15 MP: 1/1
   212 | D:1      | Reached XP level 2. HP: 18/20 MP: 2/2
   421 | D:1      | Reached XP level 3. HP: 24/26 MP: 3/3
   648 | D:1      | You fall through a shaft!
   658 | D:2      | Reached XP level 4. HP: 25/31 MP: 4/4
  1539 | D:2      | Found a radiant altar of Vehumet.
  1553 | D:2      | Reached XP level 5. HP: 36/36 MP: 5/5
  1632 | D:3      | Reached skill level 4 in Shields
  2306 | D:3      | Noticed a phantom
  2697 | D:3      | Killed a phantom
  2697 | D:3      | Reached XP level 6. HP: 19/43 MP: 6/6
  2706 | D:3      | Found a burning altar of Makhleb.
  3120 | D:3      | Reached skill level 5 in Long Blades
  3186 | D:4      | Reached XP level 7. HP: 48/48 MP: 7/7
  3336 | D:4      | Reached skill level 5 in Shields
  4429 | D:5      | Entered Level 5 of the Dungeon
  4657 | D:5      | Noticed Minkie's ghost (experienced VSSk)
  4764 | D:5      | Killed Minkie's ghost
  4764 | D:5      | Reached skill level 6 in Long Blades
  4764 | D:5      | Reached XP level 8. HP: 22/54 MP: 8/8
  4956 | D:5      | Found a white marble altar of Elyvilon.
  6157 | D:5      | Reached skill level 5 in Fighting
  6673 | D:5      | Reached skill level 7 in Long Blades
  6844 | D:6      | Found Shuz's Armour Emporium.
  6925 | D:6      | Noticed a troll
  6948 | D:6      | Mangled by a troll

Action                   |  1- 3 |  4- 6 |  7- 9 || total
-------------------------+-------+-------+-------++-------
Melee: Long sword        |    69 |   292 |   275 ||   636
  Eat: Chunk             |       |     8 |    10 ||    18
       Royal jelly       |       |       |     1 ||     1
